 Dungeon Crawl Stone Soup version 0.20-a0-984-ge8aa303 (webtiles) character file.

657139 George the Executioner (level 27, -17/250 HPs)
             Began as a Hill Orc Fighter on Apr 8, 2017.
             Was the Champion of Qazlal.
             Killed from afar by a Hell Sentinel (42 damage)
             ... with damnation
             ... on level 5 of the Abyss on Apr 10, 2017.
             The game lasted 03:43:43 (59446 turns).

George the Executioner (Hill Orc Fighter)          Turns: 59446, Time: 03:43:44

Health: -17/250    AC: 40    Str: 28    XL:     27
Magic:  45/47      EV: 23    Int: 13    God:    Qazlal [******]
Gold:   4183       SH: 12    Dex: 23    Spells: 36/47 levels left

rFire    + . .     SeeInvis +   a - +8 battleaxe of Corporal Punishment {freeze, Stlth+}
rCold    + + +     Gourm    .   (shield currently unavailable)
rNeg     + . .     Faith    .   L - +1 crystal plate armour of the Maze {+Inv rC++ MR- Regen+}
rPois    +         Spirit   .   s - +2 hat of the Bagpipe {Int+3 Dex+4}
rElec    +         Reflect  +   q - +0 cloak {MR+}
rCorr    .         Harm     .   B - +0 pair of gloves of the Apprentice {rElec Int+2 SInv}
MR       ++...                  R - +2 pair of boots "Arhiv" {rPois Dex+5 Slay+4}
Stlth    ..........             l - +4 amulet of reflection
Regen    2.0/turn               y - ring of Geru {rF+ EV+6}
MPRegen  0.3/turn               O - ring of Coronation {rC+ rN+ MP+9}

@: protected from physical damage, regenerating, studying 2 skills, repel
missiles
A: see invisible
}: 2/15 runes: decaying, serpentine
a: Upheaval, Elemental Force, Disaster Area, Renounce Religion, Evoke
Invisibility


You were on level 5 of the Abyss.
You worshipped Qazlal.
Qazlal was exalted by your worship.
You were not hungry.

You visited 10 branches of the dungeon, and saw 48 of its levels.
You visited the Abyss 1 time.
You also visited: Ossuary, Bailey, Ice Cave and Volcano.

You collected 8415 gold pieces.
You spent 4232 gold pieces at shops.

Inventory:

Hand Weapons
 a - the +8 battleaxe of Corporal Punishment (weapon) {freeze, Stlth+}
   (You took it off a deep elf demonologist on level 3 of the Elven Halls)

   It has been specially enchanted to freeze those struck by it, causing extra
   injury to most foes and up to half again as much damage against particularly
   susceptible opponents.
   It can also slow down cold-blooded creatures.
   It makes you more stealthy.
 b - the +9 heavy crossbow "Sniper" {velocity, Acc+∞ SInv}
   (You found it on level 3 of the Elven Halls)

   Any bolt fired from it inflicts extra damage.
   It lets you see invisible.
Missiles
 D - 1306 bolts
Armour
 q - a +0 cloak of magic resistance (worn)
 s - the +2 hat of the Bagpipe (worn) {Int+3 Dex+4}
   (You found it in an ice cave)

   It affects your intelligence (+3).
   It affects your dexterity (+4).
 B - the +0 pair of gloves of the Apprentice (worn) {rElec Int+2 SInv}
   (You found it in an ice cave)

   It affects your intelligence (+2).
   It insulates you from electricity.
   It lets you see invisible.
 L - the +1 crystal plate armour of the Maze (worn) {+Inv rC++ MR- Regen+}
   (You bought it in a shop on level 2 of the Orcish Mines)

   It greatly protects you from cold.
   It affects your resistance to hostile enchantments.
   It lets you turn invisible.
   It increases your rate of regeneration.
 R - the +2 pair of boots "Arhiv" (worn) {rPois Dex+5 Slay+4}
   (You found it on level 2 of the Lair of Beasts)

   It affects your dexterity (+5).
   It affects your accuracy and damage with ranged weapons and melee attacks
   (+4).
   It protects you from poison.
Jewellery
 l - a +4 amulet of reflection (around neck)
 w - the ring of Peraodocs {rC+++ MR+ Str+2 Int-2 Dex+4}
   (You acquired it on level 3 of the Elven Halls)

   [ring of protection from magic]

   It affects your strength (+2).
   It affects your intelligence (-2).
   It affects your dexterity (+4).
   It renders you almost immune to cold.
   It affects your resistance to hostile enchantments.
 y - the ring of Geru (left hand) {rF+ EV+6}
   (You acquired it on level 3 of the Elven Halls)

   [ring of evasion]

   It affects your evasion (+6).
   It protects you from fire.
 G - the ring of Conformity {+Blink rF++ rN+ MR+ Int-5}
   (You acquired it on level 3 of the Elven Halls)

   [ring of protection from magic]

   It affects your intelligence (-5).
   It greatly protects you from fire.
   It protects you from negative energy.
   It affects your resistance to hostile enchantments.
   It lets you blink.
 M - an uncursed ring of flight
 O - the ring of Coronation (right hand) {rC+ rN+ MP+9}
   (You found it on level 3 of the Crypt)

   [ring of positive energy]

   It protects you from cold.
   It protects you from negative energy.
   It affects your magic capacity (+9).
Wands
 Z - a wand of digging (9/24)
Scrolls
 c - 3 scrolls of holy word
 g - 2 scrolls of brand weapon
 h - 11 scrolls of immolation
 k - 29 scrolls of teleportation
 m - 2 scrolls of fear
 n - 10 scrolls of fog
 r - 8 scrolls of recharging
 u - 12 scrolls of blinking
 C - 24 scrolls of remove curse
 J - 5 scrolls of magic mapping
 U - 6 scrolls of enchant weapon
 V - 4 scrolls of silence
 W - 19 scrolls of identify
 Y - 11 scrolls of enchant armour
Potions
 d - 5 potions of might
 e - 6 potions of magic
 o - 10 potions of ambrosia
 p - 6 potions of resistance
 t - 6 potions of haste
 z - 7 potions of cancellation
 A - 16 potions of curing
 F - 17 potions of heal wounds
 H - 7 potions of agility
 K - 12 potions of mutation
 T - 6 potions of invisibility
Books
 E - a manual of Throwing
 P - a manual of Invocations
Miscellaneous
 i - a lamp of fire
 I - a fan of gales
 Q - a phial of floods
 X - a lightning rod (4/4)
Comestibles
 f - 26 bread rations
 v - 39 fruits
 x - 14 royal jellies
 S - 26 meat rations


   Skills:
 + Level 21.0 Fighting
 + Level 25.0 Axes
 + Level 14.2 Crossbows
 + Level 19.8 Armour
 + Level 15.6 Dodging
   Level 3.2 Shields
 + Level 10.6 Spellcasting
 + Level 13.5 Hexes
 + Level 12.3 Charms
 + Level 13.7 Necromancy
 + Level 11.5 Translocations
 + Level 23.3 Invocations


You had 36 spell levels left.
You knew the following spells:

 Your Spells              Type           Power        Failure   Level  Hunger
a - Infusion              Chrm           ####         1%          1    None
b - Shroud of Golubria    Chrm/Tloc      #####.....   1%          2    None
c - Song of Slaying       Chrm           #####...     1%          2    None
d - Regeneration          Chrm/Necr      #####.....   1%          3    #......
e - Spectral Weapon       Hex/Chrm       #####...     1%          3    #......


Dungeon Overview and Level Annotations

Branches:
Dungeon (15/15)            Temple (1/1) D:5            Lair (6/6) D:11
  Swamp (4/4) Lair:2        Snake (4/4) Lair:2        Slime (0/5) Lair:6
    Orc (2/2) D:11            Elf (3/3) Orc:2        Vaults (5/5) D:14
  Crypt (3/3) Vaults:3       Tomb (0/3) Crypt:3      Depths (5/5) D:15
    Zot: Depths:5

Altars:
Ashenzari
Cheibriados
Dithmenos
Elyvilon
Fedhas
Gozag
Hepliaklqana
Kikubaaqudgha
Makhleb
Nemelex Xobeh
Okawaru
Qazlal
Ru
Sif Muna
Trog
Uskayaw
Vehumet
Wu Jian
Xom
Yredelemnul
Zin
The Shining One
Beogh

Shops:
D:5 ?   D:6 *   D:7 *   Orc:1 *   Orc:2 }%[(   Snake:3 (*[:   Vaults:1 %
Vaults:2 (   Vaults:4 :   Depths:1 }   Depths:5 :

Portals:
Hell: Depths:1 Depths:2 Depths:3 Depths:4 Depths:5
Abyss: Depths:4
Pandemonium: Depths:3 Depths:5
Ziggurat: Depths:5


Innate Abilities, Weirdness & Mutations

You have supernaturally acute eyesight. (SInv)


Message History

The Hell Sentinel is heavily wounded.
You hit the Hell Sentinel but do no damage.
The Hell Sentinel is heavily wounded.
You slice the large abomination!! You freeze the large abomination.
You hear a roar!
You block the Hell Sentinel's attack. The Hell Sentinel misses you.
The large abomination is struck by lightning.
The large abomination misses you.
You hear a shout!
You hear a chilling moan.
You hear a shout!
You hear a trumpeting!
You hear a chilling moan.
You hear a bark!
You hear a roar! x2
You cut the Hell Sentinel into ribbons!!!
The Hell Sentinel is severely wounded.
You slice the large abomination!! You freeze the large abomination.
You destroy the large abomination!
Qazlal accepts your kill.
Your song has ended.
The Hell Sentinel gestures at you.
The sphere of damnation explodes!
The damnation engulfs you!
You die... #.# . vv.

# ...# .∩#
..v .v. .
# #....#
## #
#..v.###
.. . #.#
.#)∩# . .
##...##§1#
# #
.......@#.
#. # .
.##...#§.#
... # #.
..####.#.#
# .#!.. #
...#
..##..#
#.#. .
#.## # # #
. . # # ##
# # # . .
.# . #


You could see a Hell Sentinel.

Vanquished Creatures
  An ancient lich (Depths:4)
  Sojobo (Vaults:3)
  Boris (Depths:3)
  Bai Suzhen (Crypt:3)
  Margery (Crypt:1)
  the Lernaean hydra (Swamp:4)
  Saint Roka (Crypt:2)
  Vashnia (Snake:4)
  Xtahua (Vaults:4)
  A golden dragon (Depths:5)
  3 profane servitors
  7 bone dragons
  A tentacled monstrosity (Vaults:5)
  2 hellephants
  A shard shrike skeleton (Crypt:2)
  An Ice Fiend (IceCv)
  2 deep elf blademasters (Elf:3)
  A titan (Depths:2)
  Asterion (Snake:3)
  3 Executioners
  27 tentacled starspawn
  A quicksilver dragon (Depths:4)
  8 liches
  4 sphinxes
  Kirke (Lair:6)
  5 ancient champions
  3 tengu reavers (Vaults:3)
  2 thorn hunters
  3 storm dragons
  A draconian monk (Abyss:2)
  3 revenants
  A shadow dragon (Vaults:4)
  4 deep elf sorcerers
  Louise (D:15)
  6 fire giants
  14 nagarajas
  13 vault wardens
  Aizul (Snake:4)
  A balrug (Depths:5)
  10 frost giants
  3 cacodemons
  3 curse skulls (Crypt:3)
  An iron dragon (Depths:2)
  12 ghouls
  2 angels
  7 deep elf elementalists
  7 ironheart preservers
  A draconian annihilator (Abyss:4)
  A caustic shrike skeleton (Depths:4)
  4 entropy weavers (Vaults:3)
  A draconian stormcaller (Abyss:3)
  A reaper (Abyss:2)
  3 war gargoyles
  15 stone giants
  22 very ugly things
  A draconian shifter (Abyss:4)
  The ghost of Felix the Fighter, a journeyman OgBe of Trog (Volcano)
  2 lorocyprocas (Abyss:4)
  Azrael (D:14)
  A green draconian (Abyss:5)
  2 red draconians
  A vampire knight (Crypt:1)
  A dire elephant (D:15)
  6 deep elf annihilators
  2 spark wasps (Depths:5)
  2 deep elf demonologists (Elf:3)
  13 eidola
  2 blizzard demons
  8 ettins
  A merfolk javelineer (Depths:2)
  6 crystal guardians (Depths:3)
  9 deep elf death magi
  A green death (Abyss:4)
  4 jiangshi (Depths:2)
  Josephine (D:15)
  A mummy priest (Crypt:3)
  11 yaktaur captains
  3 deep elf high priests (Elf:3)
  13 fire dragons
  10 great orbs of eyes
  19 rakshasas
  11 ice dragons
  Harold (D:11)
  33 vault guards
  A quicksilver dragon skeleton (Crypt:2)
  16 naga warriors
  25 hydras
  3 ghost crabs
  2 spriggan air magi
  A catoblepas (Lair:6)
  8 death knights
  8 ogre magi
  7 centaur warriors
  34 dancing weapons
  14 two-headed ogres
  8 anacondas
  2 deep troll earth magi
  10 hell hogs
  8 orc high priests
  8 alligators
  A spriggan berserker (Depths:2)
  38 thrashing horrors
  A queen ant (Lair:3)
  8 death yaks (Lair:6)
  5 tengu warriors
  A titan zombie (Crypt:3)
  42 small abominations
  6 deep troll shamans
  5 shock serpents
  2 storm dragon zombies
  7 vampire magi
  12 naga sharpshooters
  The ghost of Wendigo the Infuser, a journeyman SpEn of Okawaru (Lair:2)
  2 soul eaters
  3 salamander mystics (Snake:4)
  30 deep elf knights
  3 sun demons (Abyss:3)
  6 shadow wraiths
  25 skeletal warriors
  9 hell knights
  7 sixfirhies
  A titan skeleton (Abyss:3)
  A spark wasp zombie (Depths:1)
  7 spatial maelstroms
  33 wretched stars
  An anaconda zombie (Crypt:2)
  A golden dragon zombie (Depths:3)
  11 swamp dragons
  A storm dragon skeleton (Depths:3)
  13 unseen horrors
  4 spriggan druids
  17 deep trolls
  A quicksilver dragon simulacrum (Abyss:4)
  3 sea snakes (Snake:3)
  2 sea snakes (shapeshifter)
  15 glowing orange brains
  10 wizards
  10 naga ritualists
  3 orange crystal statues
  17 ironbrand convokers
  A golden dragon skeleton (Depths:4)
  An obsidian statue (Volcano)
  2 death drakes (Depths:4)
  18 deep elf archers
  2 shadow dragon zombies
  19 phantasmal warriors
  A spectral hydra (Depths:4)
  13 flayed ghosts
  2 lindwurms (Lair:6)
  A harpy (Vaults:1)
  A spectral minotaur (Depths:4)
  2 shambling mangroves (Swamp:3)
  10 mana vipers
  7 necromancers
  An orb spider (shapeshifter) (Vaults:1)
  6 wolf spiders
  59 deep elf magi
  2 stone giant zombies (Crypt:3)
  16 orc knights
  5 manticores
  12 worldbinders
  A shadow dragon skeleton (Depths:3)
  4 cyclopes
  7 orc sorcerers
  A dire elephant zombie (Crypt:3)
  45 ugly things
  An iron dragon skeleton (Abyss:4)
  2 fire giant zombies (Crypt:3)
  9 salamanders
  81 large abominations
  Joseph (D:9)
  14 vault sentinels
  A rust devil (Abyss:3)
  15 elephants
  28 black mambas
  3 eyes of devastation
  13 guardian serpents
  8 orange demons
  A black mamba (shapeshifter) (Abyss:4)
  23 naga magi
  7 apocalypse crabs
  2 ice statues
  25 smoke demons
  A spiny frog (shapeshifter) (Elf:1)
  A torpor snail (shapeshifter) (Abyss:4)
  A dire elephant skeleton (Crypt:1)
  3 rime drakes
  14 spiny frogs
  3 gargoyles (Depths:3)
  A spriggan skeleton (Depths:4)
  5 kobold demonologists
  4 demonic crawlers
  2 tormentors
  2 efreet
  A hellion (Abyss:4)
  A rime drake (shapeshifter) (Vaults:1)
  A guardian mummy (Crypt:3)
  5 komodo dragons
  4 spectral merfolk (Depths:4)
  29 ancient zymes
  48 yaktaurs
  A tengu conjurer (Depths:5)
  A grey draconian skeleton (Crypt:2)
  11 ice devils
  17 freezing wraiths
  6 hellwings
  2 hydra zombies
  A silent spectre (Abyss:4)
  A red devil (Abyss:3)
  5 anaconda simulacra (IceCv)
  13 trolls
  15 hornets
  6 jumping spiders
  2 hydra skeletons
  2 harpy zombies
  7 polar bears
  5 tyrant leeches
  A jumping spider (shapeshifter) (Abyss:4)
  22 slime creatures
  30 blink frogs
  76 raiju
  A tengu simulacrum (Vaults:3)
  16 bog bodies
  An alligator zombie (Crypt:1)
  3 fire dragon zombies
  6 dream sheep (Lair:6)
  12 hippogriffs
  5 redbacks (Vaults:3)
  Sigmund (D:2)
  15 flying skulls
  An ice dragon skeleton (Depths:1)
  A tarantella (shapeshifter) (Vaults:1)
  16 water elementals
  A redback (shapeshifter) (D:14)
  9 shadows
  An alligator skeleton (Crypt:1)
  2 dire elephant simulacra (IceCv)
  18 ynoxinuls
  11 air elementals
  2 humans (shapeshifter)
  3 spriggans
  5 vampires
  15 wyverns
  4 hogs (Lair:6)
  28 wraiths
  62 yaks
  A spriggan (shapeshifter) (Vaults:1)
  10 fire bats
  A fire bat (shapeshifter) (Vaults:3)
  4 golden eyes (Abyss:2)
  14 neqoxecs
  9 basilisks
  2 black mamba skeletons
  5 fire elementals
  Grum (D:9)
  A death yak simulacrum (IceCv)
  31 vampire mosquitoes
  A hungry ghost (D:11)
  22 chaos spawn
  A steam dragon (shapeshifter) (Abyss:3)
  20 wargs
  23 swamp worms
  6 harpy simulacra (IceCv)
  63 nagas
  A torturous demonspawn zombie (Abyss:3)
  5 acid dragons
  2 iron troll simulacra (IceCv)
  A minotaur simulacrum (Depths:4)
  13 hell hounds
  4 hydra simulacra
  9 insubstantial wisps (Swamp:2)
  8 soldier ants (Lair:3)
  5 porcupines
  3 spatial vortices
  2 floating eyes
  10 water moccasins
  2 spectral spriggans (Depths:4)
  2 hornet zombies
  3 spectral trolls (Depths:4)
  10 swamp drakes
  3 ice beasts
  39 orc warriors
  An alligator simulacrum (IceCv)
  3 eyes of draining
  4 black bears
  A black bear (shapeshifter) (Abyss:4)
  A manticore zombie (Crypt:3)
  19 ogres
  5 sky beasts
  3 ettin simulacra
  15 necrophages
  A fire dragon simulacrum (Abyss:4)
  9 boggarts (Vaults:1)
  A wolf (shapeshifter) (Depths:4)
  29 centaurs
  5 phantoms
  A dream sheep skeleton (Crypt:2)
  20 wolves
  11 crocodiles
  9 big kobolds
  An elf simulacrum (Depths:4)
  2 wyvern zombies
  15 bullfrogs
  5 earth elementals
  4 gnoll sergeants (D:11)
  A glowing shapeshifter simulacrum (Vaults:1)
  A merfolk simulacrum (Depths:4)
  A water moccasin zombie (D:12)
  A warg zombie (Crypt:2)
  10 wyvern skeletons (Crypt:3)
  6 scorpions
  A water moccasin skeleton (Crypt:2)
  3 spectral nagas (Depths:4)
  A raiju skeleton (Crypt:1)
  13 wights
  A troll skeleton (Crypt:1)
  2 howler monkeys
  8 crimson imps
  3 spectral centaurs (Depths:4)
  6 lava snakes (Volcano)
  105 starcursed masses
  A draconian simulacrum (IceCv)
  3 human zombies
  2 quasits
  A demonspawn zombie (Crypt:1)
  3 centaur zombies
  A bullfrog skeleton (D:11)
  40 orc priests
  9 centaur skeletons
  5 hounds
  21 orc wizards
  4 iron imps
  6 jellies
  Jessica (D:2)
  Natasha (thrice) (D:2)
  4 iguanas
  3 troll simulacra
  6 hell rats (Lair:6)
  4 spriggan simulacra
  32 worker ants
  4 yak simulacra (D:11)
  2 wolf simulacra (D:11)
  2 polar bear simulacra (D:11)
  2 big kobold zombies (Ossuary)
  4 centaur simulacra (IceCv)
  A crocodile skeleton (Crypt:2)
  A hound zombie (D:6)
  4 mummies
  A worker ant zombie (D:8)
  9 gnolls
  2 naga simulacra (IceCv)
  15 adders
  An ogre simulacrum (IceCv)
  4 shadow imps
  A steam dragon skeleton (Crypt:1)
  14 white imps
  12 ufetubi
  7 oozes
  An adder skeleton (D:5)
  2 adder zombies
  2 dart slugs (D:1)
  7 leopard geckos
  139 orcs
  2 ball pythons
  15 bats
  A bat skeleton (Crypt:1)
  2 giant cockroaches
  14 goblins
  7 hobgoblins
  5 quokkas
  5 frilled lizards
  A giant cockroach zombie (D:5)
  A goblin zombie (Ossuary)
  13 hobgoblin zombies (Ossuary)
  A jackal skeleton (Crypt:1)
  2 jackal zombies
  39 kobolds
  6 kobold zombies (Ossuary)
  2 leopard gecko skeletons
  9 orc zombies
  A quokka zombie (D:9)
  7 rats
  3 rat zombies (Ossuary)
  3 river rat simulacra (D:11)
  9 briar patches (Swamp:3)
  3 crawling corpses (Elf:3)
  6 fungi
  4 lurking horrors
  4 plants
  2 spectral weapons
  32 starspawn tentacles
  4 withered plants (Crypt:3)
3227 creatures vanquished.

Vanquished Creatures (collateral kills)
  An orc warlord (Bailey)
1 creature vanquished.

Vanquished Creatures (others)
  3 deep elf master archers (Elf:3)
  2 fire giants
  An ironheart preserver (Vaults:3)
  A yaktaur captain (Vaults:4)
  2 centaur warriors
  A dancing weapon (Depths:3)
  2 two-headed ogres (Volcano)
  A hell hog (Abyss:2)
  A deep elf mage (Elf:1)
  A cyclops (Vaults:2)
  A black mamba (Snake:3)
  Maurice (D:11)
  A smoke demon (Abyss:4)
  11 yaktaurs
  An ancient zyme (Abyss:4)
  A hornet (Swamp:3)
  A flying skull (Abyss:3)
  A chaos spawn (Abyss:4)
  An ogre (Vaults:1)
  5 centaurs
  5 small abominations
  A spectral ogre (Depths:4)
  A spectral centaur (Depths:4)
  A starcursed mass (Abyss:3)
  A crawling corpse (Elf:3)
  3 fungi
  A lurking horror (Abyss:4)
  26 plants
  A spectral weapon (Abyss:4)
  35 starspawn tentacles
  7 withered plants (Crypt:3)
121 creatures vanquished.

Grand Total: 3349 creatures vanquished

Notes
Turn   | Place    | Note
-------+----------+-------------------------------------------
     0 | D:1      | George the Hill Orc Fighter began the quest for the Orb.
     0 | D:1      | Reached XP level 1. HP: 19/19 MP: 1/1
    36 | D:1      | Reached skill level 3 in Axes
   176 | D:1      | Reached XP level 2. HP: 19/26 MP: 2/2
   208 | D:1      | Reached skill level 4 in Axes
   802 | D:1      | Reached XP level 3. HP: 23/31 MP: 3/3
   807 | D:2      | Noticed Natasha
   825 | D:2      | Killed Natasha
   825 | D:2      | Reached skill level 5 in Axes
   828 | D:2      | Noticed Natasha
  1043 | D:2      | Killed Natasha
  1043 | D:2      | Reached XP level 4. HP: 4/39 MP: 4/4
  1309 | D:2      | Noticed Jessica
  1319 | D:2      | Killed Jessica
  1319 | D:2      | Reached skill level 6 in Axes
  1353 | D:2      | Noticed Sigmund
  1360 | D:2      | Reached XP level 5. HP: 30/45 MP: 5/5
  1522 | D:1      | Reached skill level 7 in Axes
  1627 | D:2      | Killed Sigmund
  1627 | D:2      | Reached skill level 8 in Axes
  1627 | D:2      | Reached XP level 6. HP: 41/51 MP: 6/6
  1742 | D:2      | Noticed Natasha
  1747 | D:2      | Killed Natasha
  2028 | D:2      | Reached skill level 9 in Axes
  2043 | D:2      | Found a radiant altar of Vehumet.
  2289 | D:3      | Found a blossoming altar of Fedhas.
  2436 | D:3      | Reached XP level 7. HP: 53/57 MP: 7/7
  3040 | D:3      | Found a shattered altar of Ashenzari.
  3042 | D:3      | Found an ornate altar of the Wu Jian Council.
  3149 | D:4      | Found an opulent altar of Gozag.
  4101 | D:5      | Entered Level 5 of the Dungeon
  4108 | D:5      | Reached skill level 10 in Axes
  4563 | D:5      | Reached skill level 5 in Fighting
  4571 | D:5      | Found a staircase to the Ecumenical Temple.
  4783 | D:5      | Reached XP level 8. HP: 68/68 MP: 8/8
  4868 | D:5      | Found Kacadeze's Magic Scroll Boutique.
  4876 | D:5      | Bought a scroll of identify for 22 gold pieces
  4876 | D:5      | Bought a scroll of teleportation for 33 gold pieces
  4876 | D:5      | Bought a scroll of remove curse for 33 gold pieces
  4876 | D:5      | Bought a scroll of fog for 22 gold pieces
  5164 | D:5      | Reached skill level 5 in Armour
  5226 | Temple   | Entered the Ecumenical Temple
  5429 | Temple   | Became a worshipper of Qazlal Stormbringer
  5583 | D:5      | Reached skill level 1 in Invocations
  5791 | D:6      | Found Gozag's Platinum Reserve.
  5793 | D:6      | Found an opulent altar of Gozag.
  5942 | D:6      | HP: 2/70 [wight/enchanted battleaxe (2)]
  6447 | D:6      | Reached skill level 11 in Axes
  6594 | D:6      | Reached XP level 9. HP: 32/78 MP: 11/11
  7544 | D:6      | Reached * piety under Qazlal
  7623 | D:7      | Found a sand-covered staircase.
  7656 | Ossuary  | Entered an ossuary
  7745 | Ossuary  | Reached ** piety under Qazlal
  7882 | D:7      | Reached skill level 5 in Invocations
  8220 | D:7      | Found Baec's Assorted Antiques.
  8313 | D:7      | Bought a scroll labeled YFEHOD VEMOYTU for 30 gold pieces
  8313 | D:7      | Bought a scroll labeled KASIQA LIDEFAI for 30 gold pieces
  8313 | D:7      | Bought an encrusted bronze wand for 120 gold pieces
  8404 | D:8      | Reached skill level 12 in Axes
  8870 | D:8      | Reached *** piety under Qazlal
  8950 | D:9      | Reached XP level 10. HP: 72/88 MP: 10/14
  9183 | D:9      | Noticed a two-headed ogre
  9192 | D:9      | Killed a two-headed ogre
  9501 | D:9      | Noticed Grum
  9510 | D:9      | Killed Grum
  9554 | D:9      | Noticed Joseph
  9562 | D:9      | Killed Joseph
  9631 | D:9      | Found a glowing silver altar of Zin.
  9890 | D:10     | Entered Level 10 of the Dungeon
  9925 | D:10     | Found a shadowy altar of Dithmenos.
 10075 | D:10     | Reached skill level 13 in Axes
 10159 | D:10     | Reached **** piety under Qazlal
 10232 | D:10     | Reached XP level 11. HP: 92/99 MP: 15/17
 10744 | D:11     | Reached skill level 10 in Fighting
 10776 | D:11     | Noticed Harold
 10786 | D:11     | Killed Harold
 10797 | D:11     | Noticed a six-headed hydra
 10802 | D:11     | Killed a six-headed hydra
 10807 | D:11     | Noticed a five-headed hydra
 10810 | D:11     | Upgraded the game from 0.20-a0-971-g5896763 to 0.20-a0-972-gb9bd3e6
 10813 | D:11     | Killed a five-headed hydra
 10813 | D:11     | Reached skill level 10 in Invocations
 10837 | D:11     | Reached skill level 10 in Armour
 10886 | D:11     | Found a flagged portal.
 10891 | Bailey   | Entered a bailey
 10919 | Bailey   | Noticed an orc warlord
 10993 | Bailey   | Noticed an orc knight
 11003 | Bailey   | Killed an orc knight
 11003 | Bailey   | Reached ***** piety under Qazlal
 11003 | Bailey   | Reached skill level 14 in Axes
 11066 | Bailey   | Found a runed gate.
 11068 | Bailey   | Found a runed gate.
 11070 | Bailey   | Found a runed gate.
 11248 | Bailey   | Killed an orc warlord
 11273 | Bailey   | Got a pitted glaive
 11460 | Bailey   | Identified the +4 glaive of the Nexus {chop, rElec Int+3} (You found it in a bailey)
 11482 | D:11     | Noticed a cyclops
 11497 | D:11     | Killed a cyclops
 11497 | D:11     | Reached XP level 12. HP: 50/110 MP: 10/20
 11952 | D:11     | Found a staircase to the Orcish Mines.
 12243 | D:11     | Noticed Maurice
 12257 | D:11     | Killed Maurice
 12437 | D:11     | Learned a level 1 spell: Infusion
 12440 | D:11     | Learned a level 2 spell: Shroud of Golubria
 12443 | D:11     | Learned a level 2 spell: Song of Slaying
 12447 | D:11     | Learned a level 3 spell: Regeneration
 12451 | D:11     | Learned a level 3 spell: Spectral Weapon
 12452 | D:11     | Reached XP level 13. HP: 116/116 MP: 21/21
 12482 | D:11     | Found a staircase to the Lair.
 13314 | Lair:1   | Entered Level 1 of the Lair of Beasts
 13637 | Lair:1   | Got an ancient hand axe
 13638 | Lair:1   | Identified the +8 hand axe of Makhleb {chop, rN+ Dex+2} (You found it on level 1 of the Lair of Beasts)
 13828 | Lair:1   | You fall through a shaft!
 13872 | Lair:2   | Noticed Wendigo's ghost (journeyman SpEn)
 13893 | Lair:2   | Killed Wendigo's ghost
 13964 | Lair:2   | Found a staircase to the Snake Pit.
 13987 | Lair:2   | Got a pair of heavily runed boots
 13998 | Lair:2   | Identified the +2 pair of boots "Arhiv" {rPois Dex+5 Slay+4} (You found it on level 2 of the Lair of Beasts)
 14207 | Lair:1   | Reached skill level 15 in Axes
 14234 | Lair:1   | Reached ****** piety under Qazlal
 14868 | Lair:2   | Found a staircase to the Swamp.
 15493 | Lair:3   | Reached XP level 14. HP: 119/127 MP: 21/23
 15773 | Lair:3   | Found a dark tunnel.
 15779 | Volcano  | Entered a volcano
 15798 | Volcano  | Noticed Felix's ghost (journeyman OgBe)
 15818 | Volcano  | Killed Felix's ghost
 15966 | Volcano  | Noticed a red draconian
 15996 | Volcano  | Killed a red draconian
 16142 | Volcano  | Found a burning altar of Makhleb.
 16530 | Lair:4   | Reached XP level 15. HP: 134/134 MP: 24/24
 17523 | Lair:5   | Identified a scroll of acquirement
 17718 | Lair:5   | Reached skill level 10 in Dodging
 18019 | Lair:6   | Entered Level 6 of the Lair of Beasts
 18042 | Lair:6   | Reached skill level 16 in Axes
 18043 | Lair:6   | Noticed Kirke
 18066 | Lair:6   | Killed Kirke
 18445 | Lair:6   | Found a staircase to the Slime Pits.
 19031 | Lair:6   | Reached XP level 16. HP: 144/144 MP: 26/26
 20160 | Orc:1    | Entered Level 1 of the Orcish Mines
 20183 | Orc:1    | Found Imebbioxe's General Store.
 20491 | Orc:2    | Entered Level 2 of the Orcish Mines
 21350 | Orc:2    | Found a roughly hewn altar of Beogh.
 21430 | Orc:2    | Found a staircase to the Elven Halls.
 21461 | Orc:2    | Reached skill level 17 in Axes
 21883 | Orc:2    | Found a roughly hewn altar of Beogh.
 21992 | Orc:2    | Found Zunem's Antique Weapon Emporium.
 21992 | Orc:2    | Found Jeost's Antique Armour Boutique.
 22140 | Orc:2    | Found Wuilit's Gadget Boutique.
 22140 | Orc:2    | Found Caedwauh's Food Emporium.
 23217 | D:14     | Noticed Azrael
 23231 | D:14     | Killed Azrael
 23269 | D:14     | Got a transparent brass ring
 23271 | D:14     | Identified the ring of Finality {Str-3 Dex+3 Slay+2 Stlth+} (You found it on level 14 of the Dungeon)
 23326 | D:14     | Reached skill level 15 in Invocations
 23529 | D:14     | Found a gate to the Vaults.
 23644 | D:14     | Found a basalt altar of Yredelemnul.
 23844 | D:15     | Entered Level 15 of the Dungeon
 23896 | D:15     | Noticed Josephine
 23916 | D:15     | Killed Josephine
 23970 | D:15     | Reached XP level 17. HP: 138/154 MP: 28/28
 24238 | D:15     | Noticed Louise
 24259 | D:15     | Killed Louise
 24546 | D:15     | Found a staircase to the Depths.
 25332 | Orc:2    | Bought a bloodstained crystal plate armour for 1955 gold pieces
 25342 | Orc:2    | Identified the +1 crystal plate armour of the Maze {+Inv rC++ MR- Regen+} (You bought it in a shop on level 2 of the Orcish Mines)
 25552 | Swamp:1  | Entered Level 1 of the Swamp
 25591 | Swamp:1  | Reached skill level 15 in Fighting
 25686 | Swamp:1  | Reached skill level 18 in Axes
 26395 | Swamp:2  | Found a frozen archway.
 26413 | IceCv    | Entered an ice cave
 26900 | IceCv    | Noticed an Ice Fiend
 26907 | IceCv    | Killed an Ice Fiend
 27032 | IceCv    | Identified Odewuen's Compendium of the Jackalope
 27044 | IceCv    | Got a faintly glowing hat
 27050 | IceCv    | Identified the +2 hat of the Bagpipe {Int+3 Dex+4} (You found it in an ice cave)
 27060 | IceCv    | Got a pair of polished gloves
 27066 | IceCv    | Identified the +0 pair of gloves of the Apprentice {rElec Int+2 SInv} (You found it in an ice cave)
 27689 | Swamp:2  | Reached skill level 1 in Hexes
 27821 | Swamp:3  | Reached skill level 1 in Charms
 27821 | Swamp:3  | Reached skill level 1 in Necromancy
 27839 | Swamp:3  | Reached skill level 1 in Translocations
 27917 | Swamp:3  | Reached skill level 1 in Spellcasting
 28193 | Swamp:3  | Reached XP level 18. HP: 149/163 MP: 30/30
 28841 | Swamp:4  | Entered Level 4 of the Swamp
 28991 | Swamp:3  | Reached skill level 15 in Armour
 29604 | Swamp:4  | Noticed the 27-headed Lernaean hydra
 29622 | Swamp:4  | Killed the 24-headed Lernaean hydra
 29736 | Swamp:4  | Got a decaying rune of Zot
 30190 | Snake:1  | Entered Level 1 of the Snake Pit
 30803 | Snake:1  | Got a sapphire shortbow
 30804 | Snake:1  | Identified the +11 shortbow of Ofuff {freeze, rN+} (You found it on level 1 of the Snake Pit)
 31383 | Snake:2  | Reached XP level 19. HP: 150/172 MP: 24/31
 32388 | Snake:3  | Reached skill level 19 in Axes
 32513 | Snake:3  | Found Cagootuipt's Book Shoppe.
 32516 | Snake:3  | Found Silloufi's Armour Shoppe.
 32516 | Snake:3  | Found Uhit's General Store.
 32519 | Snake:3  | Found Waudau's Weapon Emporium.
 32603 | Snake:3  | Reached skill level 5 in Necromancy
 32610 | Snake:3  | Reached skill level 5 in Hexes
 32901 | Snake:4  | Entered Level 4 of the Snake Pit
 33070 | Snake:4  | Noticed Aizul
 33087 | Snake:4  | Killed Aizul
 33093 | Snake:4  | Noticed Vashnia
 33123 | Snake:4  | Noticed Asterion
 33360 | Snake:3  | Killed Asterion
 33484 | Snake:4  | Killed Vashnia
 33667 | Snake:4  | Reached skill level 5 in Charms
 34077 | Snake:4  | Reached XP level 20. HP: 179/182 MP: 30/32
 34353 | Snake:4  | Reached skill level 5 in Translocations
 34749 | Snake:4  | Got a serpentine rune of Zot
 35090 | Elf:1    | Entered Level 1 of the Elven Halls
 35371 | Elf:1    | Identified the Disquisition on Combat Magic
 35974 | Elf:1    | Identified Qixkaatt's Reference Book on the Boosting Glacier
 36350 | Elf:2    | Found a runed gate.
 36350 | Elf:2    | Found a runed gate.
 36350 | Elf:2    | Found a runed gate.
 36622 | Elf:2    | Reached skill level 5 in Spellcasting
 37230 | Elf:3    | Entered Level 3 of the Elven Halls
 37338 | Elf:3    | Reached XP level 21. HP: 176/191 MP: 33/33
 38026 | Elf:3    | Got a brightly glowing plate armour
 38037 | Elf:3    | Identified the cursed +1 plate armour of Exkaud {Regen+ Int-5 Dex+3} (You found it on level 3 of the Elven Halls)
 38249 | Elf:3    | Got a dazzling chain mail
 38280 | Elf:3    | Identified the cursed +0 chain mail "Xytyblun" {rC+++ MR+ Str+2 Dex-5} (You found it on level 3 of the Elven Halls)
 38305 | Elf:3    | Got a transparent turquoise ring
 38306 | Elf:3    | Identified the ring of Pueriyl {*Tele rPois} (You took it off a deep elf sorcerer on level 3 of the Elven Halls)
 38408 | Elf:3    | Got a steaming battleaxe {freeze}
 38409 | Elf:3    | Identified the +8 battleaxe of Corporal Punishment {freeze, Stlth+} (You took it off a deep elf demonologist on level 3 of the Elven Halls)
 38423 | Elf:3    | Identified the Handbook of the Arsonist
 38426 | Elf:3    | Identified Sif Muna's Disquisition on Supportive Heat
 38440 | Elf:3    | Got an ancient hand axe
 38441 | Elf:3    | Identified the +1 hand axe of Resourcefulness {chop, rF- MR+ Int+8} (You found it on level 3 of the Elven Halls)
 38448 | Elf:3    | Identified the Collected Works on Destructive Transformation
 38489 | Elf:3    | Got a transparent war axe
 38490 | Elf:3    | Identified the +9 war axe of Death {elec, Int+2} (You found it on level 3 of the Elven Halls)
 38528 | Elf:3    | Got a pair of twisted boots
 38539 | Elf:3    | Identified the +0 pair of boots "Lokhlaw" {rPois} (You acquired it on level 3 of the Elven Halls)
 38551 | Elf:3    | Got a scorched amber ring
 38552 | Elf:3    | Identified the ring of Peraodocs {rC+++ MR+ Str+2 Int-2 Dex+4} (You acquired it on level 3 of the Elven Halls)
 38557 | Elf:3    | Got a twitching jade ring
 38559 | Elf:3    | Identified the ring of Conformity {+Blink rF++ rN+ MR+ Int-5} (You acquired it on level 3 of the Elven Halls)
 38564 | Elf:3    | Got a wavering marble ring
 38566 | Elf:3    | Identified the ring of Geru {rF+ EV+6} (You acquired it on level 3 of the Elven Halls)
 38567 | Elf:3    | Upgraded the game from 0.20-a0-972-gb9bd3e6 to 0.20-a0-984-ge8aa303
 39198 | Vaults:1 | Entered Level 1 of the Vaults
 39218 | Vaults:1 | Reached skill level 20 in Axes
 39260 | Vaults:1 | Reached skill level 1 in Crossbows
 39455 | Vaults:1 | Found Folum's Food Shop.
 40180 | Vaults:1 | Reached XP level 22. HP: 201/201 MP: 35/35
 41107 | Vaults:2 | Got a pitted war axe {freeze}
 41108 | Vaults:2 | Identified the +7 war axe of Action {freeze, +Fly rF+ Str+3 Dex-4} (You took it off a vault warden on level 2 of the Vaults)
 41233 | Vaults:2 | Found Afes's Weapon Emporium.
 41586 | Vaults:2 | Got a smoking pewter ring
 41588 | Vaults:2 | Identified the ring of Ovvebeac {+Blink Int+3 Dex+3} (You found it on level 2 of the Vaults)
 41818 | Vaults:2 | Got a sparkling steel amulet
 41819 | Vaults:2 | Identified the amulet "Diobacoa" {Harm *Drain Str+3} (You acquired it on level 2 of the Vaults)
 41946 | Vaults:3 | Noticed Sojobo
 41961 | Vaults:3 | Killed Sojobo
 42358 | Vaults:3 | Reached skill level 21 in Axes
 42365 | Vaults:3 | Reached XP level 23. HP: 182/209 MP: 36/36
 43058 | Vaults:3 | Found a staircase to the Crypt.
 43486 | Vaults:4 | Found Yvuh Wyu's Book Shoppe.
 43734 | Vaults:4 | Noticed Xtahua
 43745 | Vaults:4 | Killed Xtahua
 44568 | Snake:3  | Bought a manual of Crossbows for 1987 gold pieces
 44844 | Depths:1 | Entered Level 1 of the Depths
 44959 | Depths:1 | Found a gateway to Hell.
 45384 | Depths:1 | Reached skill level 5 in Crossbows
 45679 | Depths:1 | Found Xydiapn's Gadget Shop.
 46296 | Crypt:1  | Entered Level 1 of the Crypt
 46454 | Crypt:1  | Noticed Margery
 46460 | Crypt:1  | Killed Margery
 46460 | Crypt:1  | Reached skill level 10 in Hexes
 46488 | Crypt:1  | Got a brightly glowing bronze amulet
 46489 | Crypt:1  | Identified the amulet "Pyke Sur" {+Rage rF+ Str+5} (You acquired it on level 1 of the Crypt)
 46510 | Crypt:1  | Got a twitching silver amulet
 46511 | Crypt:1  | Identified the amulet of Ygitu {Faith +Fly rC+ Int-3} (You acquired it on level 1 of the Crypt)
 46916 | Crypt:2  | Reached XP level 24. HP: 218/218 MP: 36/36
 46965 | Crypt:2  | Reached skill level 10 in Necromancy
 47500 | Crypt:2  | Noticed Saint Roka
 47513 | Crypt:2  | Killed Saint Roka
 47754 | Crypt:3  | Entered Level 3 of the Crypt
 47796 | Crypt:3  | Noticed Bai Suzhen
 47812 | Crypt:3  | Killed Bai Suzhen
 48009 | Crypt:3  | Got a faintly glowing scale mail
 48016 | Crypt:3  | Identified the +1 scale mail "Wacwukim" {Regen+ Dex+5} (You found it on level 3 of the Crypt)
 48204 | Crypt:3  | Reached skill level 22 in Axes
 48408 | Crypt:3  | Found a basalt altar of Yredelemnul.
 48548 | Crypt:3  | Got a twitching granite ring
 48550 | Crypt:3  | Identified the ring "Osagan" {AC+2 Int+2 Dex+4 Stlth+} (You took it off a skeletal warrior on level 3 of the Crypt)
 48563 | Crypt:3  | Got an ancient golden amulet
 48590 | Crypt:3  | Identified the amulet "Xotza" {RegenMP rPois MR++ Int-4 SInv} (You took it off a skeletal warrior on level 3 of the Crypt)
 48665 | Crypt:3  | Got a crude lapis lazuli ring
 48668 | Crypt:3  | Identified the ring of the Chupacabra {rN+ Str+2 Stlth+} (You found it on level 3 of the Crypt)
 48675 | Crypt:3  | Got a warped copper ring
 48678 | Crypt:3  | Identified the ring of Coronation {rC+ rN+ MP+9} (You found it on level 3 of the Crypt)
 48681 | Crypt:3  | Got a crude tin ring
 48683 | Crypt:3  | Identified the ring "Gaphuxt" {rN+ Int+2} (You found it on level 3 of the Crypt)
 48957 | Crypt:3  | Found a staircase to the Tomb.
 49684 | Crypt:3  | Identified Yssaes's Almanac of Darkness
 50209 | Depths:2 | Reached XP level 25. HP: 149/227 MP: 36/36
 50652 | Depths:2 | Got a pair of pitted boots
 50731 | Depths:2 | Identified the +0 pair of boots of Vehumet's Reproof {rF+ Dex+3 Slay+2} (You acquired it on level 2 of the Depths)
 51742 | Depths:3 | Found an iron altar of Okawaru.
 51806 | Depths:3 | Found a runed door.
 51989 | Depths:3 | Found a one-way gate leading to the halls of Pandemonium.
 52992 | Depths:3 | Noticed Boris
 53007 | Depths:3 | Killed Boris
 53056 | Depths:4 | Reached skill level 10 in Crossbows
 53079 | Depths:4 | Reached skill level 10 in Charms
 53436 | Depths:4 | Found a one-way gate to the infinite horrors of the Abyss.
 53465 | Depths:4 | Reached XP level 26. HP: 237/237 MP: 36/36
 53515 | Depths:4 | Reached skill level 23 in Axes
 53859 | Depths:4 | Noticed an ancient lich
 53872 | Depths:4 | Killed an ancient lich
 54002 | Depths:4 | Reached XP level 27. HP: 224/244 MP: 36/37
 54259 | Depths:5 | Entered Level 5 of the Depths
 54422 | Depths:5 | Found Ulyudu's Book Shoppe.
 54554 | Depths:5 | Found a gateway to a ziggurat.
 55808 | Vaults:5 | Entered Level 5 of the Vaults
 55813 | Vaults:5 | Reached skill level 10 in Translocations
 55975 | Vaults:5 | Cast into level 2 of the Abyss (a deep elf demonologist)
 56973 | Abyss:3  | Reached skill level 15 in Dodging
 57299 | Abyss:3  | Reached skill level 24 in Axes
 57736 | Abyss:3  | Paralysed by accursed screaming for 1 turns
 57751 | Abyss:3  | Paralysed by accursed screaming for 1 turns
 58396 | Abyss:4  | Paralysed by a great orb of eyes for 4 turns
 58404 | Abyss:4  | Reached skill level 10 in Spellcasting
 58579 | Abyss:4  | Gained mutation: You have supernaturally acute eyesight. (SInv) [a neqoxec]
 59005 | Abyss:4  | Paralysed by accursed screaming for 1 turns
 59008 | Abyss:5  | Entered Level 5 of the Abyss
 59008 | Abyss:5  | Found a corrupted altar of Lugonu.
 59356 | Abyss:5  | Reached skill level 25 in Axes
 59446 | Abyss:5  | Killed from afar by a Hell Sentinel

Vault maps used:
D:1:      sevenhm_arrival_forest_fort_large_4, minmay_split_cup_large
D:2:      fiery_altar_vehumet, uniq_jessica, uniq_sigmund, uniq_natasha
D:3:      fedhas_altar_1, nicolae_overflow_hidden_temple, first_bread,
          minmay_unequal
D:4:      nicolae_overflow_crystal_walls
D:5:      minmay_temple_entry_fiery, serial_shops, nicolae_shop_crystal
D:6:      nicolae_gozag_zags_fifth_avenue
D:7:      serial_shops, nicolae_shop_crystal, nicolae_ossuary_entry_monument
D:9:      lemuel_crystal_altar, uniq_joseph, uniq_grum
D:10:     blue_anna_alchemist, nicolae_dithmenos_the_darkroom
D:11:     erik_lair_dragon, kennysheep_orc_monster_closet_entryway,
          enter_bailey_3, eino_house_with_fridge, uniq_maurice, uniq_harold
D:14:     erik_vaults_1, yredelemnul_altar_generic,
          nrook_guardian_serpent_double, uniq_azrael
D:15:     hangedman_depths_entry_try_elsewhere_first, fountainhead,
          hangedman_batty, uniq_josephine, uniq_louise
Temple:   eino_temple_rhombus
Lair:1:   beast_lair_carwin_4, serial_bayou_shore_b, infiniplex_staircase_pool
Lair:2:   minmay_swamp_entry_swarm, dummy_snake_entry
Lair:3:   enter_volcano_3, zaba_antful_of_joy
Lair:4:   serial_bayou_lagoon_a, serial_bayou_crossing
Lair:5:   minivault_26, grunt_forest_small_clearings
Lair:6:   grunt_lair_end_beastmaster, nicolae_slime_entry_slimehenge,
          special_room, nicolae_quartered_pool_little, uniq_kirke
Swamp:1:  evilmike_swamp_ruin_house_6, swamp_pool5, infiniplex_staircase_pool_2
Swamp:2:  portal_ice_cave_entry_ice_statue_one, hangedman_swamp_ruin_wall,
          swamp_pool2
Swamp:3:  nicolae_swamp_round_clearing, swamp_pool4
Swamp:4:  grunt_swamp_rune_castle, swamp_pool3
Snake:2:  grunt_megastairs_2
Snake:3:  minmay_shoptagon, serial_bayou_shore_a
Snake:4:  johnstein_snake_rune_scales, grunt_ministairs_2, uniq_aizul,
          uniq_asterion, uniq_vashnia
Orc:1:    serial_shops, nicolae_shop_crystal
Orc:2:    st_orc_town, basic_altar
Elf:1:    minmay_elf_annihilation, kilobyte_rumbling_trees
Elf:3:    minmay_elf_hall_statues, basic_stair_grate_trap
Vaults:1: v_misc_15, hangedman_vaults_nodes, vaults_standard_mumra_lines,
          nicolae_vaults_stairing_the_circle, v_misc_28, vaults_dpeg_diagonal,
          nicolae_vaults_big_angled_halls, hangedman_vaults_restitches,
          hangedman_vaults_maws, vaults_room_guarded_vault,
          nicolae_vaults_specimen_jars, serial_shops, shop
Vaults:2: v_misc_33, hangedman_vaults_restitches, v_misc_33,
          nicolae_vaults_network_periphery,
          nicolae_vaults_windows_and_doors_thing, nicolae_vaults_big_ls,
          ontoclasm_vaults_misaligned, ontoclasm_vaults_ligature, st_cells,
          v_misc_8, v_alt_pattern_1, serial_shops, shop
Vaults:3: v_pattern_3, st_smaller_cells, blue_anna_dwarven_crypt,
          grunt_vaults_diagonal, ontoclasm_vaults_loading_screen, v_rooms_5,
          dpeg_vaults_monster_row, ontoclasm_vaults_spin, v_misc_26,
          nicolae_vaults_gold_heap, nicolae_vaults_diagonal_hallway_7,
          uniq_sojobo
Vaults:4: nicolae_vaults_quadrants, hangedman_vaults_corner,
          hangedman_vaults_trim, nicolae_vaults_three_branches,
          hangedman_vaults_capsules, ontoclasm_vaults_ring_large,
          nicolae_vaults_back_hallway, hangedman_vaults_stretched_pinwheel,
          nicolae_vaults_circle_grid_b, nicolae_vaults_little_squares_1,
          ontoclasm_vaults_eye, serial_shops, shop, uniq_xtahua
Vaults:5: serial_shops
Crypt:1:  uniq_margery
Crypt:2:  uniq_saint_roka
Crypt:3:  evilmike_haunted_forest, uniq_bai_suzhen
Depths:1: grunt_hell_entry_dis_mu, minmay_misc_feat_hallway, serial_shops,
          kennysheep_mini_moat, hangedman_decor_opposing,
          kennysheep_generic_room_7, grunt_megastairs_3
Depths:2: minmay_curly_fans, serial_glass, glass_columns_b, glass_columns_a,
          glass_columns_a, glass_columns_a, glass_columns_c, glass_columns_b,
          glass_columns_b, glass_columns_b, glass_columns_a, glass_columns_a,
          glass_columns_a, glass_columns_c, glass_columns_c, glass_columns_b,
          due_unseen_surprise, item_on_display_a, item_on_display_b,
          item_on_display_a, hell_entry, hangedman_abyss_or_decor_lesser_grid,
          grunt_ministairs_6, minmay_staircase_bubble, basic_stair_grate_trap,
          serial_bayou_shore_b, firewood_loft
Depths:3: constructs_gauntlet_mu_hangedman, pan_entry,
          okawaru_ov_weapons_minmay, pf_dread_powers_of_hell, minmay_crystal_box
Depths:4: lemuel_river_lethe, abyss_entry, hell_entry
Depths:5: grunt_zot_entry_alcove, enter_ziggurat_c, hell_entry, serial_shops,
          nicolae_shop_behind_doors, rand_demon_pan_entry_3,
          serial_sigils_hangedman_leer
Abyss:3:  hangedman_abyss_shoalhut
Abyss:4:  nicolae_abyss_rune_left_handed, due_exit_kobolds
Abyss:5:  evilmike_abyss_exit_kraken, grunt_abyss_rune_forest_and_sorcery,
          evilmike_abyss_exit_chaos
Ossuary:  ossuary_tomb_1
Bailey:   bailey_axe_bossmonster_kennysheep, bailey
IceCv:    ice_cave_caverns_01
Volcano:  volcano_grotto

Skill      XL: |  1  2  3  4  5  6  7  8  9 10 11 12 13 14 15 16 17 18 19 20 21 22 23 24 25 26 27 |
---------------+----------------------------------------------------------------------------------+-----
Axes           | 3 4 5 6 8 9 10 11 12 13 14 15 16 17 18 19 20 21 22 23 25 | 25.0
Fighting       | 5 6 8 9 11 12 13 14 15 16 17 18 19 21 | 21.0
Armour         | 4 6 7 9 10 11 12 13 14 15 16 17 18 19 | 19.8
Invocations    | 3 6 8 10 11 12 14 15 16 17 18 19 20 23 | 23.3
Dodging        | 6 7 9 10 11 12 13 14 15 | 15.6
Hexes          | 2 4 6 8 9 10 11 13 | 13.5
Charms         | 1 3 5 6 7 8 9 10 12 | 12.3
Necromancy     | 1 4 6 7 8 9 10 11 13 | 13.7
Translocations | 1 3 4 5 6 7 8 9 11 | 11.5
Spellcasting   | 1 3 4 5 6 7 8 10 | 10.6
Crossbows      | 2 3 5 8 10 12 14 | 14.2
Shields        | |  3.2

Action                   |  1- 3 |  4- 6 |  7- 9 | 10-12 | 13-15 | 16-18 | 19-21 | 22-24 | 25-27 || total
-------------------------+-------+-------+-------+-------+-------+-------+-------+-------+-------++-------
Melee: War axe           |    75 |   120 |   238 |       |       |       |       |       |       ||   433
       Battleaxe         |       |       |   214 |   356 |    69 |   153 |   199 |  1039 |  2300 ||  4330
       Hand axe          |       |       |       |       |   638 |  1796 |  1109 |       |       ||  3543
 Fire: Shortbow          |       |       |       |       |       |    21 |   119 |       |       ||   140
       Heavy crossbow    |       |       |       |       |       |       |    48 |   353 |   177 ||   578
Throw: Tomahawk          |       |       |       |    18 |       |       |       |       |       ||    18
 Cast: Song of Slaying   |       |       |       |       |       |       |       |       |    36 ||    36
       Shroud of Golubri |       |       |       |       |       |       |       |       |     5 ||     5
       Regeneration      |       |       |       |       |       |       |       |       |    53 ||    53
       Infusion          |       |       |       |       |       |       |       |       |     1 ||     1
       Spectral Weapon   |       |       |       |       |       |       |       |       |     3 ||     3
Invok: Upheaval          |       |       |       |     2 |       |     5 |    17 |     7 |     6 ||    37
       Elemental Force   |       |       |       |     1 |       |       |       |       |       ||     1
       Disaster Area     |       |       |       |       |       |       |       |       |     1 ||     1
 Abil: Evoke Flight      |       |       |       |     2 |       |       |       |       |     6 ||     8
       Stop Flying       |       |       |       |     2 |       |       |       |       |     2 ||     4
Evoke: Wand              |       |       |       |    14 |       |       |       |     2 |     2 ||    18
  Use: Potion            |       |     2 |       |     1 |     1 |       |       |       |     2 ||     6
       Scroll            |       |       |    14 |     6 |     6 |     7 |     7 |    10 |     7 ||    57
 Stab: Petrified         |       |       |       |       |       |     6 |       |       |       ||     6
       Distracted        |       |       |       |       |       |     1 |     1 |     1 |     3 ||     6
       Invisible         |       |       |       |       |       |       |       |       |     5 ||     5
       Petrifying        |       |       |       |       |       |       |       |       |     1 ||     1
  Eat: Chunk             |       |     5 |    20 |    13 |    21 |    35 |    21 |    29 |    35 ||   179
       Fruit             |       |       |     1 |     1 |       |     7 |    10 |     5 |     5 ||    29
Armor: Scale mail        |    10 |       |       |       |       |       |       |       |       ||    10
       Plate armour      |    42 |    61 |   276 |   161 |   333 |    30 |       |       |       ||   903
       Crystal plate arm |       |       |       |       |       |   896 |   516 |   398 |   681 ||  2491
Dodge: Dodged            |    14 |    19 |    78 |    95 |   229 |   804 |   516 |   612 |  1397 ||  3764
       Deflected         |       |       |       |    18 |     6 |    31 |   140 |    33 |    64 ||   292
Block: Shield            |    42 |    63 |   105 |       |       |       |       |       |       ||   210
       Other             |       |       |    18 |    79 |   172 |   597 |   499 |   505 |   979 ||  2849
       Reflection        |       |       |       |       |       |       |    84 |    54 |    71 ||   209
